 Dungeon Crawl Stone Soup version 0.26-a0-639-g72c4674329 (webtiles) character file.

Game seed: 11417629460855008269

21 MrRokkomies the Sneak (level 2, 0/26 HPs)
             Began as a Demigod Delver on Sept 16, 2020.
             Succumbed to a worker ant's poison
             ... on level 4 of the Dungeon.
             The game lasted 00:01:06 (557 turns).

MrRokkomies the Sneak (Demigod Delver)               Turns: 557, Time: 00:01:07

Health: 0/26       AC:  3    Str: 15    XL:     2   Next: 45%
Magic:  4/4        EV: 12    Int: 14    God:
Gold:   0          SH:  0    Dex: 17    Spells: 1/1 levels left

rFire    . . .     SeeInvis .   a - +0 falchion
rCold    . . .     Faith    .   (no shield)
rNeg     . . .     Spirit   .   b - +0 leather armour
rPois    .         Reflect  .   (no helmet)
rElec    .         Harm     .   (no cloak)
rCorr    .         Rampage  .   (no gloves)
MR       .....                  (no boots)
Stlth    +++.......             (no amulet)
HPRegen  0.08/turn              (no ring)
MPRegen  0.09/turn              (no ring)

@: lethally poisoned (0 -> -5)
A: high mp 1
a: no special abilities


You were on level 4 of the Dungeon.
You visited 1 branch of the dungeon, and saw 2 of its levels.

Inventory:

Hand Weapons
 a - a +0 falchion (weapon)
Armour
 b - a +0 leather armour (worn)
Wands
 g - a wand of digging (3)
Scrolls
 c - a scroll of fog
 e - a scroll of fear
 h - a scroll of immolation {unknown}
Potions
 f - a potion of haste


   Skills:
 * Level 3.1 Fighting
 * Level 2.3 Long Blades
 + Level 2.0 Dodging
 - Level 4.5 Stealth


You had one spell level left.
You didn't know any spells.
Your spell library was empty.

Dungeon Overview and Level Annotations

Branches:
Dungeon (5/15)
 Temple: D:4-7

Annotations:
D:4 Pikel


Innate Abilities, Weirdness & Mutations

You have an increased reservoir of magic. (+10% MP)


Message History

The leopard gecko skeleton is heavily damaged.
You feel sick. The worker ant bites you! The worker ant bites you.
* * * LOW HITPOINT WARNING * * *
You are lethally poisoned!
The worker ant poisons you!
* * * LOW HITPOINT WARNING * * *
You feel sick. The worker ant misses you.
You riposte.
You hit the worker ant.
The worker ant is moderately wounded.
* * * LOW HITPOINT WARNING * * *
You feel sick.
* * * LOW HITPOINT WARNING * * *
You feel sick.
Pikel says, "Hell isn't that bad."
The worker ant barely misses you.
* * * LOW HITPOINT WARNING * * *
You feel sick.
An adder comes into view.
* * * LOW HITPOINT WARNING * * *
You feel sick.
You die...

***** ********** #...####
*,,,,,,,.#***** #......#
*,,,,,**...,,,* #......#
**,,,,,,*....,,* #......#
,,,,,,,,*.....,* #####......#
,,,,<,,,*......##### #..........#
,,,,,,,,*.......@..###...........
,*,,,,,,,.........a..5.5.........
,*,*,,,,*.#......#O..K..Z........
,,,,,,,,+,#....###......###......
,,,,*,,,**#....#........# #......
,,,,,,,,,......#........# #......
,,,,,**,,.............S## #......
,,>,,,,,,...............#*#......
,,,,,,,,,,,,.....................


You could see Pikel, an ogre, 2 lemures, a worker ant and an adder.

Vanquished Creatures
  A worker ant zombie (D:5)
  An adder (D:5)
  A ball python (D:5)
3 creatures vanquished.

Notes
Turn   | Place    | Note
-------+----------+-------------------------------------------
     0 | D:5      | MrRokkomies the Demigod Delver began the quest for the Orb.
     0 | D:5      | Reached XP level 1. HP: 18/18 MP: 3/3
    24 | D:5      | Reached XP level 2. HP: 10/25 MP: 4/4
   219 | D:5      | Noticed a phantom
   220 | D:5      | Found a snail-covered altar of Cheibriados.
   232 | D:5      | Noticed a centaur
   534 | D:4      | Noticed a lemure
   534 | D:4      | Noticed a lemure
   534 | D:4      | Noticed Pikel
   534 | D:4      | Noticed a lemure
   534 | D:4      | Noticed a lemure
   534 | D:4      | Noticed an ogre
   555 | D:4      | HP: 1/26 [poisoned by a worker ant]
   557 | D:4      | Succumbed to a worker ant's poison

Illustrated notes

Levels and vault maps discovered:
D:4:      cheibrodos_pilgrimage, layout_basic, tso_oasis_becter, uniq_pikel
D:5:      layout_loops_corners, nicolae_overflow_crystal_walls,
          lemuel_round_altar, lemuel_round_altar, uniq_menkaure

Skill      XL: |  1  2 |
---------------+-------+-----
Long Blades    | 2 |  2.3
Dodging        | 2 |  2.0
Fighting       | 3 |  3.1
Stealth        | |  4.5

Action                   || total
-------------------------++-------
Melee: Falchion          ||    19
  Use: Scroll            ||     1
 Stab: Sleeping          ||     1
Armor: Leather armour    ||     8
Dodge: Dodged            ||    19
       Rpst.: Falchion   ||     8

Table legend: (Time is in decaauts)
 A = Elapsed time spent in this place.
 B = Non-inter-level travel time spent in this place.
 C = Inter-level travel time spent in this place.
 D = Time resting spent in this place.
 E = Time spent auto-exploring this place.
 F = Levels seen in this place.
 G = Mean time per level.
                   A        B        C        D        E       F      G
               +--------+--------+--------+--------+--------+-----+--------+
         Total |    560 |    560 |      0 |    441 |     46 |   2 |  280.0 |
       Dungeon |    560 |    560 |      0 |    441 |     46 |   2 |  280.0 |
               +--------+--------+--------+--------+--------+-----+--------+

Top non-repeatable levels by time:
     D:5: 537 daAuts
     D:4: 23 daAuts
